 Dungeon Crawl Stone Soup version 0.27.0-1-g7a089689b8 (webtiles) character file.

Game seed: 8009414854361110630

3154 GordonOverkill the Destroyer (level 9, -11/40 HPs)
             Began as a Felid Necromancer on Aug 3, 2021.
             Was an Initiate of Sif Muna.
             Mangled by a boulder beetle (22 damage)
             ... on level 9 of the Dungeon.
             The game lasted 00:26:48 (17925 turns).

GordonOverkill the Destroyer (Felid Necromancer)   Turns: 17925, Time: 00:26:48

Health: -11/40     AC:  6    Str:  4    XL:     9   Next: 62%
Magic:  14/18      EV: 18    Int: 26    God:    Sif Muna [......]
Gold:   357        SH:  0    Dex: 16    Spells: 5/18 levels left
                                        Lives:  0   Deaths: 2

rFire    . . .     SeeInvis +   (weapon unavailable)
rCold    . . .     Faith    .   (shield unavailable)
rNeg     . . .     Spirit   .   (armour unavailable)
rPois    .         Reflect  .   (helmet unavailable)
rElec    .         Harm     .   (cloak unavailable)
rCorr    .         Rampage  .   (gloves unavailable)
Will     +....                  (boots unavailable)
Stlth    +++.......             (no amulet)
HPRegen  0.13/turn              e - +4 ring of protection
MPRegen  0.16/turn              b - +6 ring of intelligence

@: about to teleport, quick
A: very small, claws 1, fangs 3, see invisible, speed 1, shaggy fur 2, stealthy
paws, no weapons or thrown items, no armour, multi-lived
a: Renounce Religion


You were on level 9 of the Dungeon.
You worshipped Sif Muna.
Sif Muna was noncommittal.
You visited 2 branches of the dungeon, and saw 10 of its levels.

You collected 357 gold pieces.

Inventory:

Jewellery
 b - a +6 ring of intelligence (right paw)
 c - a +4 ring of evasion
 e - a +4 ring of protection (left paw)
Wands
 a - a wand of flame (64)
 f - a wand of charming (12)
 m - a wand of digging (7)
Scrolls
 d - a scroll of teleportation
 g - a scroll of magic mapping
 j - a scroll of amnesia
 l - 3 scrolls of fog
 n - a scroll of identify
 p - a scroll of silence
Potions
 h - 2 potions of lignification
 i - 3 potions of brilliance
 k - a potion of mutation
 o - a potion of heal wounds


   Skills:
 + Level 5.4 Fighting
 - Level 3.7 Dodging
 - Level 3.8 Stealth
 + Level 5.4 Spellcasting
 + Level 9.8 Conjurations
 + Level 4.9 Necromancy
 + Level 2.1 Transmutations
 - Level 5.0 Fire Magic
 + Level 1.8 Invocations


You had 5 spell levels left.
You knew the following spells:

 Your Spells              Type           Power      Damage    Failure   Level
a - Pain                  Necr           100%       1d9       1%          1
b - Vampiric Draining     Necr           16%        2d8       2%          3
c - Sticky Flame          Conj/Fire      45%        2d6       3%          4
d - Irradiate             Conj/Tmut      19%        3d19      17%         5

Your spell library contained the following spells:

 Spells                   Type           Power      Damage    Failure   Level
 Animate Skeleton         Necr           66%        N/A       1%          1
 Magic Dart               Conj           100%       1d8       1%          1
 Sublimation of Blood     Necr           16%        N/A       1%          2
 Conjure Flame            Conj/Fire      45%        6-21      1%          3
 Mephitic Cloud           Conj/Pois/Air  24%        N/A       6%          3
 Apportation              Tloc           14%        N/A       8%          1
 Corona                   Hex            7%         N/A       8%          1
 Summon Small Mammal      Summ           28%        N/A       8%          1
 Ignite Poison            Fire/Tmut/Pois 19%        N/A       9%          3
 Animate Dead             Necr           16%        N/A       10%         4
 Call Imp                 Summ           7%         N/A       11%         2
 Agony                    Necr           33%        N/A       26%         5
 Petrify                  Tmut/Erth      12%        N/A       43%         4


Dungeon Overview and Level Annotations

Branches:
Dungeon (9/15)             Temple (1/1) D:5
   Lair: D:8-11         Orc: D:9-12

Altars:
Ashenzari
Cheibriados
Dithmenos
Elyvilon
Fedhas
Gozag
Hepliaklqana
Kikubaaqudgha
Makhleb
Nemelex Xobeh
Okawaru
Qazlal
Ru
Sif Muna
Trog
Uskayaw
Vehumet
Wu Jian
Xom
Yredelemnul
Zin
The Shining One

Annotations:
D:6 exclusion: acid dragon


Innate Abilities, Weirdness & Mutations

You have sharp claws.
You have razor-sharp teeth.
You have supernaturally acute eyesight. (SInv)
You cover ground quickly. (Speed+)
You are covered in thick fur. (AC +2)
Your paws help you pounce on unaware monsters.
You are incapable of wielding weapons or throwing items.
You cannot wear armour.
You gain extra lives every three experience levels.


Message History

Sif Muna accepts your kill.
You start resting.
A boulder beetle comes into view.
There is an open door here.
Magic restored.
Casting: Sticky Flame (dangerous; 3% risk of failure)
Confirm with . or Enter, or press ? or * to list all spells.
You don't know that spell.
Unknown command.
Unknown command.
Casting: Sticky Flame (dangerous; 3% risk of failure)
Confirm with . or Enter, or press ? or * to list all spells.
Okay, then.
Unknown command.
You now have 351 gold pieces (gained 13).
Found a club.
You now have 357 gold pieces (gained 6).
The boulder beetle curls into a ball and begins rolling!
A boulder beetle is nearby!
Unknown command.
Okay, then.
Found 10 stones.
Found a short gold wand.
Casting: Sticky Flame (dangerous; 3% risk of failure)
Confirm with . or Enter, or press ? or * to list all spells.
Aiming: Sticky Flame (dangerous; 3% risk of failure)
Press: ? - help, Shift-Dir - straight line, f - boulder beetle
Aim: a boulder beetle (rolling, 100% to hit)
The sticky flame hits the boulder beetle but does no damage.
The boulder beetle is covered in liquid flames!
The boulder beetle burns!
The boulder beetle hits you!!
Ouch! That really hurt!
* * * LOW HITPOINT WARNING * * *
The boulder beetle stops rolling and uncurls.
The boulder beetle burns!
The boulder beetle burns!
The boulder beetle stops burning.
As you read the scroll of teleportation, it crumbles to dust.
You feel strangely unstable. The boulder beetle bites you!!
Ouch! That really hurt!
You die...

##..# #.# .)# ##..#
#.##..# #. ....#
#.##..###.# # ....#
#.##......# .# .#..#
#.........# ..# .#..#
#.°.......###..# .#..#
#°##...#.......#
.#..###°##../#.......#
.#.....°##...#..@....#
.#.....°##...#.B###..#
.#...##○##...#..# #
.....##○##.(....#
.....##○##......#
.....##.........#
.....##.....##..#
.....##.##..##..#
.....##.##..##..#


You could see a boulder beetle.

Vanquished Creatures
  Pikel (D:4)
  Joseph (D:7)
  A komodo dragon (D:6)
  Grinder (D:5)
  Sigmund (D:5)
  A vampire (D:6)
  Eustachio (D:4)
  A steam dragon (D:8)
  A water moccasin (D:6)
  Duvessa (D:5)
  An orc warrior (D:7)
  2 sky beasts
  2 ice beasts
  2 black bears (D:6)
  2 ogres
  3 necrophages
  A hornet zombie (D:6)
  2 lemures (D:4)
  Blork the orc (D:5)
  7 bullfrogs
  A gnoll sergeant (D:9)
  2 scorpions
  Dowan (D:5)
  A water moccasin zombie (D:5)
  A wyvern skeleton (D:7)
  2 water moccasin skeletons (D:5)
  A wight (D:6)
  2 centaur zombies
  A bullfrog zombie (D:7)
  A bullfrog skeleton (D:7)
  2 centaur skeletons
  A gnoll shaman (D:6)
  4 orc priests
  2 jellies
  A hound (D:7)
  Ijyb (D:4)
  An iguana (D:5)
  6 orc wizards
  A killer bee zombie (D:6)
  A howler monkey zombie (D:7)
  Robin (D:4)
  4 gnolls (D:9)
  5 adders
  An ufetubus (D:7)
  2 worms
  2 dart slugs (D:3)
  16 orcs
  9 ball pythons
  2 bats (D:1)
  5 endoplasms
  4 giant cockroaches
  13 goblins
  11 hobgoblins
  3 kobolds
  4 quokkas
  3 frilled lizards
  2 rats
153 creatures vanquished.

Vanquished Creatures (others)
  4 plants (D:3)
4 creatures vanquished.

Grand Total: 157 creatures vanquished

Notes
Turn   | Place    | Note
-------+----------+-------------------------------------------
     0 | D:1      | GordonOverkill the Felid Necromancer began the quest for
                  | the Orb.
     0 | D:1      | Reached XP level 1. HP: 7/7 MP: 4/4
   586 | D:1      | Reached XP level 2. HP: 8/11 MP: 3/6
  2394 | D:2      | Reached XP level 3. HP: 11/14 MP: 4/7
  2398 | D:2      | Learned a level 3 spell: Vampiric Draining
  2564 | D:2      | Found a glowing silver altar of Zin.
  3586 | D:3      | Found a faded altar of an unknown god.
  5409 | D:4      | Identified a scroll of acquirement
  5409 | D:4      | Acquired a +6 ring of intelligence
  5451 | D:4      | Noticed Pikel
  5451 | D:4      | Noticed a lemure
  5451 | D:4      | Noticed a lemure
  5544 | D:4      | Reached XP level 4. HP: 14/18 MP: 4/8
  5589 | D:4      | Noticed a sky beast
  5879 | D:4      | Noticed Robin
  5918 | D:4      | Killed Robin
  6111 | D:4      | Reached skill level 1 in Fighting
  6266 | D:4      | Reached skill level 1 in Conjurations
  6266 | D:4      | Reached skill level 1 in Fire Magic
  6266 | D:4      | Reached XP level 5. HP: 16/22 MP: 3/10
  6276 | D:4      | Noticed a necrophage
  6561 | D:4      | Noticed Ijyb
  6629 | D:4      | Noticed Eustachio
  6725 | D:4      | Noticed an ice beast
  6730 | D:4      | Killed an ice beast
  6731 | D:4      | Gained mutation: You are covered in thick fur. (AC +2)
                  | [Felid growth]
  6731 | D:4      | Reached XP level 6. HP: 12/26 MP: 1/12
  6907 | D:4      | Learned a level 4 spell: Sticky Flame
  6996 | D:4      | Killed Ijyb
  6997 | D:4      | Reached skill level 2 in Conjurations
  7288 | D:4      | Found a broken altar of Ashenzari.
  7557 | D:4      | Slain by Pikel
  7558 | D:4      | Reached XP level 5. HP: 0/34 MP: 4/11
  7587 | D:5      | Entered Level 5 of the Dungeon
  7920 | D:4      | Killed a necrophage
  7921 | D:4      | Reached XP level 6. HP: 24/27 MP: 7/12
  8127 | D:4      | Killed a sky beast
  8588 | D:5      | Found a staircase to the Ecumenical Temple.
  8598 | D:5      | Noticed Blork the orc
  8602 | Temple   | Entered the Ecumenical Temple
  8884 | D:5      | Killed Blork the orc
  8885 | D:5      | Reached skill level 3 in Conjurations
  8885 | D:5      | Reached XP level 7. HP: 31/31 MP: 0/14
  9171 | D:5      | Noticed Sigmund
  9179 | D:5      | Killed Sigmund
  9429 | D:5      | Noticed Grinder
  9442 | D:5      | Killed Grinder
  9443 | D:5      | Reached XP level 8. HP: 32/36 MP: 8/16
  9585 | D:5      | Reached skill level 4 in Conjurations
  9681 | D:5      | Noticed Duvessa
  9683 | D:5      | Noticed Dowan
  9704 | D:5      | Killed Duvessa
  9705 | D:5      | Reached skill level 5 in Spellcasting
  9717 | D:5      | Killed Dowan
 10128 | D:5      | Found a staircase to the Ecumenical Temple.
 10693 | D:6      | Reached skill level 5 in Fighting
 11281 | D:6      | Reached skill level 5 in Conjurations
 11281 | D:6      | Reached skill level 5 in Fire Magic
 11456 | D:6      | Noticed a komodo dragon
 11472 | D:6      | Killed a komodo dragon
 11473 | D:6      | Reached skill level 6 in Conjurations
 11516 | D:6      | Reached XP level 9. HP: 35/40 MP: 10/17
 12210 | D:6      | Reached skill level 7 in Conjurations
 12985 | D:6      | Reached skill level 8 in Conjurations
 13264 | D:6      | Found a basalt altar of Yredelemnul.
 13509 | D:4      | Found a broken altar of Ashenzari.
 13594 | D:4      | Killed Pikel
 13906 | D:4      | Killed Eustachio
 13907 | D:4      | Reached skill level 9 in Conjurations
 15041 | D:7      | Learned a level 5 spell: Irradiate
 15348 | D:7      | Found a shimmering blue altar of Sif Muna.
 15451 | D:7      | Became a worshipper of Sif Muna the Loreminder
 15760 | D:7      | Noticed Joseph
 15775 | D:7      | HP: 1/60 [Joseph (3)]
 15776 | D:7      | Slain by Joseph
 15777 | D:7      | Reached XP level 8. HP: -1/55 MP: 8/16
 15807 | D:7      | Killed Joseph
 15808 | D:7      | Reached skill level 1 in Transmutations
 15808 | D:7      | Reached XP level 9. HP: 15/40 MP: 6/17
 16080 | D:7      | Reached skill level 1 in Invocations
 16850 | D:8      | Found an ornate altar of the Wu Jian Council.
 16969 | D:8      | Noticed a cyclops
 17287 | D:8      | Found a hazy altar of Hepliaklqana.
 17443 | D:8      | Found a hide-covered altar of Uskayaw.
 17443 | D:8      | Found a snail-covered altar of Cheibriados.
 17450 | D:8      | Found a radiant altar of Vehumet.
 17452 | D:8      | Found a sparkling altar of Nemelex Xobeh.
 17454 | D:8      | Found a sacrificial altar of Ru.
 17718 | D:9      | Found a glowing silver altar of Zin.
 17840 | D:9      | Noticed a boulder beetle
 17925 | D:9      | Mangled by a boulder beetle

Illustrated notes

Levels and vault maps discovered:
D:1:      erik_arrival_triangle_small, layout_loops_ring, serial_bayou,
          serial_bayou_lake_a, serial_bayou_shore_b, serial_bayou_lagoon_a,
          serial_bayou_shore_b, hangedman_abyss_or_decor_lesser_grid,
          grunt_decor_one_mirror, minmay_misc_feat_square,
          minmay_misc_feat_doors
D:2:      layout_loops_ring, basic_altar, serial_glass, glass_columns_a,
          glass_columns_a
D:3:      layout_loops_corners, chequers_ecumenical_altar_simple_redux,
          serial_forest, infiniplex_forest_join, infiniplex_forest_clump_large,
          infiniplex_forest_lined_2, infiniplex_forest_side_room,
          infiniplex_forest_lined_corner, infiniplex_forest_end_2,
          infiniplex_forest_corner_1, minmay_goblin_kobold_house
D:4:      layout_basic, lemuel_round_altar, enter_ossuary_2,
          minmay_misc_feat_rugged, uniq_ijyb, uniq_robin, uniq_eustachio,
          uniq_pikel
D:5:      layout_basic, minmay_temple_entry_drinking_statues, uniq_grinder,
          uniq_duvessa, uniq_blork_the_orc, uniq_sigmund
D:6:      layout_gridville, lemuel_zombie_altar_yredelemnul,
          minmay_divided_ellipse
D:7:      layout_loops_corners, tgw_sif, uniq_joseph
D:8:      layout_loops_ring, chequers_temple_overflow_minitemple,
          mainiacjoe_overflow_chevrons, nicolae_wu_jian_wuxing_cycle,
          minmay_sticks_and_stones
D:9:      layout_long_grid, mainiacjoe_overflow_six_doors_small, hex_medium,
          lightli_church_of_beogh
Temple:   minmay_temple_curvy_loop

Skill      XL: |  1  2  3  4  5  6  7  8  9 |
---------------+----------------------------+-----
Stealth        | 3 |  3.8
Dodging        | 3 |  3.7
Fighting       | 1 2 3 4 5 |  5.4
Spellcasting   | 3 4 5 |  5.4
Conjurations   | 1 3 6 9 |  9.8
Fire Magic     | 1 3 5 |  5.0
Transmutations | 1 2 |  2.1
Invocations    | 1 |  1.8
Necromancy     | |  4.9

Action                   |  1- 3 |  4- 6 |  7- 9 || total
-------------------------+-------+-------+-------++-------
Melee: Unarmed           |     2 |    14 |    63 ||    79
       Bite              |       |     2 |     7 ||     9
 Cast: Pain              |    83 |    76 |    44 ||   203
       Vampiric Draining |       |    17 |    23 ||    40
       Sticky Flame      |       |     7 |    72 ||    79
Evoke: Wand              |       |       |     1 ||     1
  Use: Scroll            |    11 |     2 |     6 ||    19
       Potion            |     1 |     4 |     4 ||     9
 Stab: Sleeping          |     1 |     1 |     9 ||    11
Armor: Skin              |     2 |     2 |    31 ||    35
Dodge: Dodged            |     6 |    57 |   141 ||   204
